 Dungeon Crawl Stone Soup version 0.31-a0-177-g4aa6249778 (webtiles) character file.

Game seed: 12132420507973948050

18 inkblots the Stinger (level 2, 0/17 HPs)
             Began as an Octopode Venom Mage on June 19, 2023.
             Killed from afar by Natasha (8 damage)
             ... with a magic dart
             ... on level 2 of the Dungeon.
             The game lasted 00:23:29 (553 turns).

inkblots the Stinger (Octopode Venom Mage)           Turns: 553, Time: 00:23:29

Health: 0/17       AC:  1    Str:  7    XL:     2   Next: 70%
Magic:  5/5        EV: 13    Int: 17    God:
Gold:   56         SH:  0    Dex: 12    Spells: 2/5 levels left

rFire   . . .        c - +3 dagger
rCold   . . .        (no shield)
rNeg    . . .        (helmet restricted)
rPois   .            (no amulet)
rElec   .            (no ring)
rCorr   .            (no ring)
SInv    .            (no ring)
Will    .....        (no ring)
Stlth   +++          (no ring)
HPRegen 0.22/turn    (no ring)
MPRegen 0.09/turn    (no ring)
                     (no ring)

%: no passive effects
@: no status effects
A: almost no armour, amphibious, 8 rings, camouflage 1, gelatinous body 1,
(nimble swimmer 1), tentacles
a: no special abilities


You were on level 2 of the Dungeon.
You visited 1 branch of the dungeon, and saw 2 of its levels.

You collected 56 gold pieces.

Inventory:

Hand Weapons
 b - a +0 dagger
 c - a +3 dagger (weapon)
Missiles
 d - 3 stones
Scrolls
 e - 2 scrolls of teleportation
 f - a scroll of enchant weapon {unknown}
Potions
 a - a potion of magic


   Skills:
 + Level 0.2 Short Blades
 + Level 2.2 Dodging
 + Level 2.8 Stealth
 + Level 2.4 Spellcasting
 + Level 1.0 Transmutations
 + Level 4.0 Poison Magic


You had 2 spell levels left.
You knew the following spells:

 Your Spells              Type           Power      Damage    Failure   Level
a - Sting                 Tmut/Pois      40%        1d5       7%          1
b - Poisonous Vapours     Pois/Air       16%        N/A       12%         2

Your spell library contained the following spells:

 Spells                   Type           Power      Damage    Failure   Level
 Mephitic Cloud           Conj/Pois/Air  6%         N/A       32%         3
 Olgreb's Toxic Radiance  Pois           15%        N/A       34%         4


Dungeon Overview and Level Annotations

Branches:
Dungeon (2/15)

Altars:

Annotations:
D:2 Natasha


Innate Abilities, Weirdness & Mutations

You cannot wear most types of armour.
You are amphibious.
You can wear up to eight rings at the same time.
Your skin changes colour to match your surroundings (Stealth+).
Your rubbery body absorbs attacks. (AC +1, EV +1)
((You are camouflaged when in or above water. (Stealth+)))
You have tentacles for arms and can constrict up to eight enemies at once.


Message History

Found a scroll labelled DUSHRE ZUOTUZ.
There is a stone staircase leading up here.
The helpless kobold fails to defend itself.
You puncture the kobold!
You kill the kobold!
A frilled lizard comes into view.
You see here a scroll labelled DUSHRE ZUOTUZ.
f - a scroll labelled DUSHRE ZUOTUZ The frilled lizard hisses angrily.
A frilled lizard is nearby!
You closely miss the frilled lizard. Your grab misses the frilled lizard.
The frilled lizard closely misses you.
You barely miss the frilled lizard. Your grab misses the frilled lizard.
Your squeeze misses the frilled lizard. The frilled lizard barely misses you.
You hit the frilled lizard.
You kill the frilled lizard!
Found a scroll labelled RIKLER KOAFF.
You see here a frilled lizard corpse.
A hobgoblin comes into view.
Found a stone staircase leading down.
Natasha, Servant of Life and Death comes into view.
Found a scroll of teleportation.
The hobgoblin shouts!
You see here a scroll labelled RIKLER KOAFF.
As you read the scroll labelled RIKLER KOAFF, it crumbles to dust.
You assume a fearsome visage.
Natasha looks frightened!
Natasha hisses angrily.
The hobgoblin looks frightened!
It was a scroll of fear.
The hobgoblin howls, "Help!"
Cornered, Natasha turns to fight!
Natasha closely misses you.
You see here a scroll of teleportation.
e - 2 scrolls of teleportation (gained 1) Natasha stares at you and mumbles some strange words.
The magic dart hits you!
Ouch! That really hurt!
You barely miss Natasha. Your grab misses Natasha. Your squeeze misses Natasha.
Natasha stares at you and mumbles some strange words.
The magic dart hits you!
You die...

#.##.###.### #.
#.# #.# #. #.#
#.# #.##.## ..
.####.#...#
..........#
.###......#
#.#...>.#######
.g.....@.......
.##...h.#######
##....# ##.#.#
###.# #.# #.#
#..


You could see Natasha and a hobgoblin (fleeing).

Vanquished Creatures
  3 ball pythons (D:1)
  3 bats (D:1)
  3 endoplasms (D:1)
  2 hobgoblins (D:1)
  3 kobolds
  A frilled lizard (D:2)
  A goblin (D:1)
  2 rats (D:1)
18 creatures vanquished.

Notes
Turn   | Place    | Note
-------+----------+-------------------------------------------
     0 | D:1      | inkblots the Octopode Venom Mage began the quest for the
                  | Orb.
     0 | D:1      | Reached XP level 1. HP: 11/11 MP: 3/3
   241 | D:1      | Reached XP level 2. HP: 16/17 MP: 5/5
   403 | D:1      | Reached skill level 4 in Poison Magic
   423 | D:1      | Learned a level 2 spell: Poisonous Vapours
   543 | D:2      | Noticed Natasha
   553 | D:2      | Killed from afar by Natasha

Illustrated notes

Levels and vault maps discovered:
D:1:      minmay_arrival_glassed_features, layout_loops_ring
D:2:      layout_loops_ring, uniq_natasha, uniq_sigmund

Skill      XL: |  1  2 |
---------------+-------+-----
Poison Magic   | 4 |  4.0
Short Blades   | |  0.2
Dodging        | |  2.2
Stealth        | |  2.8
Spellcasting   | |  2.4
Transmutations | |  1.0

Action                     || total
---------------------------++-------
  Melee: Unarmed           ||    10
         Constrict         ||     8
         Tentacles         ||     4
         Dagger            ||    24
         Punch             ||     1
   Cast: Sting             ||     1
    Use: Scroll            ||     3
   Stab: Sleeping          ||     6
 Armour: Skin              ||     3
  Dodge: Dodged            ||    19

Table legend: (Time is in decaauts)
 A = Elapsed time spent in this place.
 B = Non-inter-level travel time spent in this place.
 C = Inter-level travel time spent in this place.
 D = Time resting spent in this place.
 E = Time spent auto-exploring this place.
 F = Levels seen in this place.
 G = Mean time per level.
                   A        B        C        D        E       F      G
               +--------+--------+--------+--------+--------+-----+--------+
         Total |    551 |    181 |    370 |      0 |      0 |   2 |  275.5 |
       Dungeon |    551 |    181 |    370 |      0 |      0 |   2 |  275.5 |
               +--------+--------+--------+--------+--------+-----+--------+

Top non-repeatable levels by time:
     D:1: 523 daAuts
     D:2: 27 daAuts
